AoeStats
← HairlessRex3750

Arabia

508671345Analyzed
1v1 RM · 8d ago on Sep 23, 2026· 44m 35s· 2 players
Game mode
Random Map
Map size
Tiny (2 player)
Population
200
Speed
Normal
Resources
Standard
Victory
Conquest
Starting age
Dark Age
Ending age
Imperial Age
RankedLock teamsTeams togetherTeam positionsShared explorationLock speedFull tech treeHidden civsTurbo modeCheats
Victory
Defeat
🇨🇳 Magyars · China
1168
+14
🇦🇷 Koreans · Argentina
1133
-14
HairlessRex3750
6:24 Loom
13:13 Feudal Age
15:26 Town Watch
16:16 Wheelbarrow
18:38 Forging
21:50 Double-Bit Axe
23:07 Fletching
28:56 Castle Age
35:53 Gold Mining
38:34 Husbandry
Chive’Pang
9:28 Feudal Age
9:28 Loom
11:42 Double-Bit Axe
21:38 Castle Age
19:33 Gold Mining
19:27 Horse Collar
22:21 Bloodlines
22:20 Scale Barding Armor
31:12 Gold Shaft Mining
43:59 Imperial Age
42:15 Bow Saw
Connection lost

Rejoining the realm…

Still unreachable

The connection could not be restored.

Session expired

The server has moved on; the page needs a fresh start.